 Dungeon Crawl Stone Soup version 0.17.0-28-g6e173f8 (webtiles) character file.

10878 homeworkjunkie the Covert (level 11, -13/55 HPs)
             Began as a Spriggan Assassin on Dec 2, 2015.
             Was a High Priest of Okawaru.
             Mangled by a five-headed hydra (15 damage)
             ... on level 11 of the Dungeon.
             The game lasted 00:29:06 (11586 turns).

homeworkjunkie the Covert (Spriggan Assassin)      Turns: 11586, Time: 00:29:07

Health: -13/55     AC:  7    Str: 12    XL:     11   Next: 42%
Magic:  26/26      EV: 32    Int: 13    God:    Okawaru [*****.]
Gold:   571        SH:  0    Dex: 21    Spells: 0 memorised, 10 levels left

rFire  . . .     SeeInvis +     a - +8 dagger "Hilovih" {freeze, rPois SInv}
rCold  . . .     Clarity  .     c - +2 robe
rNeg   . . .     SustAt   .     (shield restricted)
rPois  +         Gourm    .     (helmet restricted)
rElec  +         Spirit   .     k - +2 cloak {rPois}
rCorr  .         Warding  .     (gloves unavailable)
rMut   .         Stasis   .     (boots unavailable)
MR     ++...                    q - amulet of regeneration
Stlth  +++++++...               r - ring "Naiwoqes" {rElec MP+9}
                                o - ring of protection from magic

@: mighty, very quick, very resistant to hostile enchantments, extremely
stealthy
A: unfitting armour, see invisible, herbivore 3, speed 3, slow metabolism 2
a: Heroism, Finesse, Renounce Religion


You were on level 11 of the Dungeon.
You worshipped Okawaru.
Okawaru was extremely pleased with you.
You were full.

You visited 3 branches of the dungeon, and saw 14 of its levels.

You collected 571 gold pieces.

Inventory:

Hand Weapons
 a - the +8 dagger "Hilovih" (weapon) {freeze, rPois SInv}
   (You found it on level 11 of the Dungeon)

   It has been specially enchanted to freeze those struck by it, causing extra
   injury to most foes and up to half again as much damage against particularly
   susceptible opponents.
   It can also slow down cold-blooded creatures.
   It protects you from poison.
   It lets you see invisible.
 b - a +1 blowgun
Missiles
 e - a curare-tipped needle
 m - 35 sling bullets
 v - 20 exploding sling bullets
 B - 2 needles of sleeping
 E - 3 needles of confusion
 F - 5 poisoned needles
 G - 7 tomahawks (quivered)
Armour
 c - a +2 robe (worn)
 k - a +2 cloak of poison resistance (worn)
Jewellery
 o - a ring of protection from magic (left hand)
 q - an amulet of regeneration (around neck)
 r - the ring "Naiwoqes" (right hand) {rElec MP+9}
   (You found it on level 4 of the Dungeon)

   [ring of magical power]

   It insulates you from electricity.
   It affects your magic capacity (+9).
 s - an uncursed ring of protection from fire
Wands
 d - a wand of disintegration (1)
 u - a wand of digging (15)
 y - a wand of frost (0)
 D - a wand of teleportation (2)
Scrolls
 f - a scroll of fear
 h - 4 scrolls of magic mapping
 j - 5 scrolls of remove curse
 p - a scroll of fog
Potions
 i - 2 potions of cancellation
 l - a potion of haste
 n - 3 potions of curing
 t - 3 potions of agility
 w - a potion of cure mutation
 x - 2 potions of brilliance
 z - a potion of might
 A - a potion of magic
 C - a potion of resistance
Comestibles
 g - 3 bread rations


   Skills:
 * Level 5.0 Fighting
 * Level 7.1 Short Blades
 * Level 7.9 Throwing
 * Level 13.3 Dodging
 * Level 14.3 Stealth
 * Level 7.0 Evocations


You had 10 spell levels left.
You didn't know any spells.

Dungeon Overview and Level Annotations

Branches:
Dungeon (12/15)            Temple (1/1) D:6            Lair (1/8) D:9
    Orc: D:9-12

Altars:
Ashenzari
Cheibriados
Dithmenos
Elyvilon
Fedhas
Gozag
Kikubaaqudgha
Makhleb
Nemelex Xobeh
Okawaru
Qazlal
Sif Muna
Trog
Vehumet
Xom
Yredelemnul
Zin
The Shining One

Shops:
D:11 =


Innate Abilities, Weirdness & Mutations

You are tiny and cannot use many weapons and most armour.
You have supernaturally acute eyesight.
You are a herbivore.
You cover ground extremely quickly.
You need consume almost no food.


Message History

The five-headed hydra barely misses you.
You hit the five-headed hydra. You freeze the five-headed hydra.
The five-headed hydra seems to slow down.
The five-headed hydra is severely wounded.
You puncture the five-headed hydra! You freeze the five-headed hydra.
The five-headed hydra is almost dead.
The five-headed hydra bites you!
* * * LOW HITPOINT WARNING * * *
The five-headed hydra bites you but does no damage.
The five-headed hydra completely misses you.
The five-headed hydra closely misses you.
The five-headed hydra misses you.
Drink which item? (? for menu, Esc to quit)
You feel better.
The five-headed hydra completely misses you.
The five-headed hydra closely misses you.
The five-headed hydra bites you!
* * * LOW HITPOINT WARNING * * *
The five-headed hydra misses you. The five-headed hydra bites you!
You die...

.)# #........#....... .)#
#......#........#^....♣ ..#
#......#........'...♣.∩. ..#
#......#........######♣# ..#
#......#................ ..#
#......#...........##... ..#
#...... ...........##... ..#
#.....###+#####...##... ..#
#.....@Dy>....#...##... ..#
#########......#........ ..#
#.......#......'........ ..#
#.......#......#........ ..#
#.......#......#........
..########.......########........
.....................^....###....
...................####...# #....
...................# #...# #....


You could see a five-headed hydra and a killer bee.

Vanquished Creatures
  2 death yaks (D:9)
  2 hill giants (D:10)
  A centaur zombie (D:11)
  3 gargoyles (D:10)
  Psyche (D:9)
  Prince Ribbit (D:7)
  A two-headed ogre (D:9)
  A deep elf mage (D:9)
  7 yaks
  A wyvern (D:10)
  A hippogriff (D:11)
  2 hungry ghosts
  A water moccasin (D:9)
  2 orc warriors (D:11)
  A porcupine (D:9)
  3 ice beasts
  4 sky beasts
  2 phantoms
  A wasp (D:9)
  2 centaurs (D:7)
  5 ogres
  3 big kobolds
  2 crocodiles
  9 giant frogs
  A wyvern zombie (D:9)
  A water moccasin skeleton (D:5)
  A scorpion (D:10)
  12 wights
  7 killer bees
  2 quasits
  2 crimson imps
  A giant frog skeleton (D:4)
  6 hounds
  5 jellies
  12 orc wizards
  2 orc priests
  An iguana (D:8)
  6 worker ants
  A sheep (D:9)
  A hound zombie (D:10)
  3 gnolls (D:3)
  8 adders
  2 river rats (D:9)
  4 shadow imps
  3 adder skeletons
  3 worms (D:2)
  3 giant geckos
  17 orcs
  A ball python (D:1)
  8 bats
  7 giant cockroaches
  9 hobgoblins
  14 kobolds
  8 quokkas
  A giant gecko skeleton (D:6)
  A giant gecko zombie (D:8)
  3 giant newts
  5 goblins
  7 jackals
  A jackal skeleton (D:6)
  A quokka skeleton (D:4)
  24 rats
252 creatures vanquished.

Notes
Turn   | Place    | Note
--------------------------------------------------------------
     0 | D:1      | homeworkjunkie the Spriggan Assassin began the quest for the Orb.
     0 | D:1      | Reached XP level 1. HP: 10/10 MP: 2/2
    14 | D:1      | Reached skill level 6 in Stealth
   269 | D:2      | Reached XP level 2. HP: 14/14 MP: 3/3
   641 | D:2      | Found a deep blue altar of Sif Muna.
   642 | D:2      | Found a radiant altar of Vehumet.
   645 | D:2      | Found a shattered altar of Ashenzari.
   732 | D:3      | Reached skill level 7 in Stealth
   732 | D:3      | Reached XP level 3. HP: 14/18 MP: 4/4
   799 | D:3      | Found a white marble altar of Elyvilon.
  1450 | D:3      | Reached XP level 4. HP: 10/23 MP: 5/5
  1681 | D:4      | Reached skill level 8 in Stealth
  2512 | D:2      | Reached XP level 5. HP: 26/26 MP: 6/6
  3175 | D:4      | Noticed a giant frog
  3217 | D:4      | Killed a giant frog
  3217 | D:4      | Reached skill level 9 in Stealth
  3217 | D:4      | Reached XP level 6. HP: 11/30 MP: 7/7
  3353 | D:5      | Entered Level 5 of the Dungeon
  3405 | D:4      | Got a faintly glowing pewter ring
  3426 | D:4      | Identified the ring "Naiwoqes" {rElec MP+9} (You found it on level 4 of the Dungeon)
  3432 | D:4      | Noticed an ogre
  3438 | D:4      | Killed an ogre
  3494 | D:4      | You fall through a shaft for 2 floors!
  3892 | D:5      | Reached skill level 10 in Stealth
  4231 | D:4      | Reached XP level 7. HP: 35/35 MP: 8/8
  4587 | D:5      | Reached skill level 5 in Dodging
  5075 | D:7      | Reached skill level 1 in Evocations
  5334 | D:7      | Reached XP level 8. HP: 39/39 MP: 10/10
  5439 | D:7      | Reached skill level 11 in Stealth
  5680 | D:6      | Found a staircase to the Ecumenical Temple.
  5687 | Temple   | Entered the Ecumenical Temple
  5727 | Temple   | Became a worshipper of Warmaster Okawaru
  6572 | D:7      | Noticed Prince Ribbit
  6607 | D:7      | Reached * piety under Okawaru
  6633 | D:7      | Killed Prince Ribbit
  6633 | D:7      | Reached XP level 9. HP: 44/44 MP: 12/12
  6754 | D:7      | Reached skill level 5 in Short Blades
  6754 | D:7      | Reached skill level 12 in Stealth
  7178 | D:8      | Reached ** piety under Okawaru
  7525 | D:8      | Reached skill level 10 in Dodging
  7935 | D:8      | Reached skill level 5 in Throwing
  8237 | D:10     | Entered Level 10 of the Dungeon
  8255 | D:10     | Noticed a gargoyle
  8259 | D:10     | Killed a gargoyle
  8359 | D:9      | Reached *** piety under Okawaru
  8367 | D:9      | Reached XP level 10. HP: 38/49 MP: 14/14
  8532 | D:9      | Found a staircase to the Lair.
  8588 | D:9      | Noticed Psyche
  8611 | D:9      | Killed Psyche
  8611 | D:9      | Reached skill level 13 in Stealth
  8611 | D:9      | Reached skill level 5 in Evocations
  8633 | D:9      | Noticed a death yak
  8669 | D:9      | Noticed a death yak
  8765 | D:9      | Killed a death yak
  8765 | D:9      | Reached **** piety under Okawaru
  8835 | D:9      | Killed a death yak
  8835 | D:9      | Received a gift from Okawaru
  9011 | D:9      | Noticed a two-headed ogre
  9012 | D:9      | Killed a two-headed ogre
  9440 | Lair:1   | Entered Level 1 of the Lair of Beasts
  9824 | D:10     | Noticed a hill giant
  9830 | D:10     | Killed a hill giant
  9882 | D:10     | Noticed a gargoyle
  9889 | D:10     | Killed a gargoyle
  9889 | D:10     | Reached XP level 11. HP: 54/54 MP: 16/16
  9892 | D:10     | Received a gift from Okawaru
  9933 | D:10     | Noticed a gargoyle
  9935 | D:10     | Killed a gargoyle
  9975 | D:10     | Noticed a hill giant
 10018 | D:10     | Killed a hill giant
 10018 | D:10     | Reached ***** piety under Okawaru
 10416 | D:11     | Noticed a centaur zombie
 10489 | D:11     | Killed a centaur zombie
 10489 | D:11     | Received a gift from Okawaru
 10489 | D:11     | Reached skill level 14 in Stealth
 11046 | D:11     | Reached skill level 5 in Fighting
 11527 | D:11     | Found Qopiol Luda's Jewellery Emporium.
 11547 | D:11     | Got a dazzling dagger
 11548 | D:11     | Identified the +8 dagger "Hilovih" {freeze, rPois SInv} (You found it on level 11 of the Dungeon)
 11566 | D:12     | Noticed a five-headed hydra
 11586 | D:11     | HP: 2/55 [five-headed hydra (13)]
 11586 | D:11     | Mangled by a five-headed hydra

Action                   |  1- 3 |  4- 6 |  7- 9 | 10-12 || total
-------------------------+-------+-------+-------+-------++-------
Melee: Dagger            |   102 |   131 |   594 |   403 ||  1230
 Fire: Blowgun           |    10 |    18 |    57 |    86 ||   171
Evoke: Wand              |       |       |    11 |    38 ||    49
  Use: Scroll            |     8 |    10 |     9 |     4 ||    31
       Potion            |       |     1 |       |     3 ||     4
 Stab: Sleeping          |    12 |    16 |    27 |    19 ||    74
       Distracted        |       |     2 |     2 |     1 ||     5
       Confused          |       |       |       |     3 ||     3
  Eat: Fruit             |       |     3 |       |     3 ||     6
       Pizza             |       |     1 |       |       ||     1
       Bread ration      |       |       |     2 |     1 ||     3
       Royal jelly       |       |       |     1 |       ||     1
